 Dungeon Crawl Stone Soup version 0.20.1-1-g8b1a95d (webtiles) character file.

74 Ymberti the Skirmisher (level 4, -4/40 HPs)
             Began as a Hill Orc Fighter on Oct 1, 2017.
             Slain by Crazy Yiuf
             ... wielding a +3 quarterstaff of chaos
              (16 damage)
             ... on level 2 of the Dungeon.
             The game lasted 00:03:08 (1195 turns).

Ymberti the Skirmisher (Hill Orc Fighter)           Turns: 1195, Time: 00:03:08

Health: -4/40      AC:  7    Str: 23    XL:     4   Next: 30%
Magic:  13/13      EV:  9    Int:  8    God:
Gold:   92         SH:  9    Dex: 10    Spells: 3/3 levels left

rFire    . . .     SeeInvis .   a - +0 long sword
rCold    . . .     Gourm    .   c - +0 shield
rNeg     . . .     Faith    .   h - +0 acid dragon scales
rPois    .         Spirit   .   (no helmet)
rElec    .         Reflect  .   (no cloak)
rCorr    +         Harm     .   (no gloves)
MR       .....                  (no boots)
Stlth    +.........             (no amulet)
Regen    0.2/turn               m - +4 ring of strength
MPRegen  0.2/turn               n - ring of magical power

@: very slightly contaminated, invisible
A: no striking features
a: no special abilities


You were on level 2 of the Dungeon.
You were not hungry.

You visited 1 branch of the dungeon, and saw 2 of its levels.

You collected 92 gold pieces.

Inventory:

Hand Weapons
 a - a +0 long sword (weapon)
Armour
 c - a +0 shield (worn)
 h - +0 acid dragon scales (worn)
Jewellery
 m - a +4 ring of strength (left hand)
 n - a ring of magical power (right hand)
Scrolls
 b - 2 scrolls of teleportation {unknown}
 e - 5 scrolls of identify {unknown}
 i - a scroll of enchant weapon {unknown}
 j - 2 scrolls of noise {unknown}
 k - a scroll of blinking {unknown}
 l - a scroll of fear {unknown}
 o - a scroll of magic mapping {unknown}
Potions
 d - 2 potions of might
 g - 3 potions of lignification {unknown}
Comestibles
 f - 2 bread rations


   Skills:
 + Level 4.2 Fighting
 + Level 2.9 Long Blades
 + Level 3.7 Armour
 + Level 1.0 Dodging
 + Level 4.0 Shields


You had 3 spell levels left.
You didn't know any spells.

Dungeon Overview and Level Annotations

Branches:
Dungeon (2/15)

Altars:

Annotations:
D:2 Crazy Yiuf


Message History

Your Dodging skill increases to level 1!
Found a scroll labeled DULI NICEITI.
g - 3 murky black potions (gained 1)
o - a scroll labeled DULI NICEITI
Found a runed door.
You open the door.
Crazy Yiuf the Enlightened comes into view.
He is wielding a quarterstaff of chaos.
Crazy Yiuf shouts!
Found a mace.
There is an open door here.
You barely miss Crazy Yiuf. Crazy Yiuf barely misses you.
You hit Crazy Yiuf.
Crazy Yiuf is moderately wounded.
Crazy Yiuf hits you with a quarterstaff of chaos!
You fade into invisibility!
You are very lightly contaminated with residual magic.
Crazy Yiuf hits you with a quarterstaff of chaos!
* * * LOW HITPOINT WARNING * * *
You are electrocuted!
You die...

#.#
...##.........
#.#
...##.........
###
###.........
#...........
#####
#####.####.#
#)..# #......#
#...#
..#.######
#.g.# #.#.#
#@# #.#.# #.##
#.#.# ##.#
#.#.# #.##
#.#.# ##.#
###.#.# ##.##
#.....# ##...#
#.##### #....#
#.# #....# #.#


You could see Crazy Yiuf.

Vanquished Creatures
  3 adders (D:2)
  An ooze (D:1)
  A worm (D:2)
  3 dart slugs
  2 giant cockroaches (D:2)
  3 goblins
  2 hobgoblins
  8 jackals
  A quokka (D:2)
  A ball python (D:2)
  A bat (D:1)
  A frilled lizard (D:1)
  3 kobolds (D:2)
  3 rats (D:1)
33 creatures vanquished.

Notes
Turn   | Place    | Note
-------+----------+-------------------------------------------
     0 | D:1      | Ymberti the Hill Orc Fighter began the quest for the Orb.
     0 | D:1      | Reached XP level 1. HP: 19/19 MP: 1/1
   143 | D:1      | Reached XP level 2. HP: 9/27 MP: 2/2
   723 | D:1      | Reached XP level 3. HP: 33/33 MP: 3/3
  1116 | D:2      | Reached XP level 4. HP: 27/40 MP: 4/4
  1154 | D:2      | Reached skill level 1 in Dodging
  1188 | D:2      | Found a runed door.
  1192 | D:2      | Noticed Crazy Yiuf
  1195 | D:2      | Slain by Crazy Yiuf

Skill      XL: |  1  2  3  4 |
---------------+-------------+-----
Fighting       | 4 |  4.2
Shields        | 4 |  4.0
Dodging        | 1 |  1.0
Long Blades    | |  2.9
Armour         | |  3.7

Action                   |  1- 3 |  4- 6 || total
-------------------------+-------+-------++-------
Melee: Long sword        |   107 |    14 ||   121
  Eat: Bread ration      |     1 |       ||     1
Armor: Acid dragon scale |    55 |     1 ||    56
       Scale mail        |     2 |       ||     2
Dodge: Dodged            |    52 |    10 ||    62
Block: Shield            |    72 |     5 ||    77
       Rpst.: Long sword |    18 |     4 ||    22
